AoeStats
← t_ass91

Golden Pit

503190829Analyzed
1v1 RM · 3mo ago on Aug 30, 2026· 40m 11s· 2 players
Game mode
Random Map
Map size
Tiny (2 player)
Population
200
Speed
Normal
Resources
Standard
Victory
Conquest
Starting age
Dark Age
Ending age
Imperial Age
RankedLock teamsTeams togetherTeam positionsShared explorationLock speedFull tech treeHidden civsTurbo modeCheats
Victory
Defeat
🇩🇪 Spanish · Germany
1007
+16
vs
🇫🇷 Britons · France
1016
-16
t_ass91
10:48 Feudal Age
11:14 Loom
11:16 Double-Bit Axe
17:37 Castle Age
16:01 Horse Collar
26:12 Bloodlines
27:50 Husbandry
34:41 Imperial Age
33:32 Scale Barding Armor
33:38 Forging
34:33 Fletching
35:41 Scale Mail Armor
38:34 Bodkin Arrow
Besoin Dead
5:48 Loom
11:42 Feudal Age
11:50 Feudal Age
16:33 Castle Age
14:52 Double-Bit Axe
15:23 Horse Collar
16:32 Stone Mining
21:59 Fletching
23:21 Wheelbarrow
24:45 Gold Mining
25:13 Hand Cart
26:37 Padded Archer Armor
27:57 Town Watch
30:56 Bodkin Arrow
32:39 Ballistics
38:03 Imperial Age
39:33 Warwolf
Connection lost

Rejoining the realm…

Still unreachable

The connection could not be restored.

Session expired

The server has moved on; the page needs a fresh start.